 Dungeon Crawl Stone Soup version 0.29.1-15-g9cfb28693d (webtiles) character file.

Game seed: 10822771783220080967

3108 fleckyhenry the Grappler (level 9, -4/81 (85) HPs)
             Began as a Troll Fighter on Apr 1, 2023.
             Was an Initiate of Dithmenos.
             Slain by a wight
             ... wielding a +4 war axe
              (12 damage)
             ... on level 8 of the Dungeon.
             The game lasted 00:13:18 (7053 turns).

fleckyhenry the Grappler (Troll Fighter)            Turns: 7053, Time: 00:13:18

HP:   -4/81 (85)    AC:  6    Str: 30    XL:     9   Next: 60%
MP:   8/8           EV: 24    Int:  4    God:    Dithmenos [......]
Gold: 504           SH:  8    Dex:  9    Spells: 8/8 levels left

rFire   + . .      SeeInvis .     - Unarmed
rCold   . . .      Faith    .   b - +0 kite shield
rNeg    . . .      Spirit   .   k - +2 robe {rF+}
rPois   .          Reflect  .   (helmet restricted)
rElec   .          Harm     .   (no cloak)
rCorr   .          Rampage  .   (gloves unavailable)
Will    .....                   (boots unavailable)
Stlth   +.........              D - amulet of the acrobat
HPRegen 1.03/turn               (no ring)
MPRegen 0.11/turn               (no ring)

@: acrobatic, lightly drained
A: large, unfitting armour, claws 3, regeneration 1, shaggy fur 1, tough skin 1
a: Renounce Religion


You were on level 8 of the Dungeon.
You worshipped Dithmenos.
Dithmenos was noncommittal.
You visited 2 branches of the dungeon, and saw 9 of its levels.
You also visited: Ossuary.

You collected 504 gold pieces.

Inventory:

Hand Weapons
 F - the +9 hammer of Wimaff {vorpal, rF- rC+ Stlth+}
   (You found it on level 6 of the Dungeon)

   It inflicts extra damage upon your enemies.
   rF:        It makes you vulnerable to fire.
   rC:        It protects you from cold.
   Stlth:     It makes you more stealthy.
Missiles
 j - a throwing net (quivered)
Armour
 a - a +0 robe
 b - a +0 kite shield (worn)
 k - a +2 robe of fire resistance (worn)
Jewellery
 v - a ring of fire
 D - an amulet of the acrobat (around neck)
Wands
 w - a wand of polymorph (3)
 y - a wand of roots (3)
Scrolls
 d - a scroll of summoning
 e - 7 scrolls of identify
 g - a scroll of amnesia
 l - a scroll of enchant weapon
 m - a scroll of immolation {unknown}
 n - a scroll of enchant armour
 p - 2 scrolls of fog
 t - 2 scrolls of noise
 z - a scroll of teleportation
Potions
 c - 2 potions of might
 f - a potion of lignification
 h - a potion of mutation {unknown}
 i - a potion of curing
 C - a potion of brilliance


   Skills:
 + Level 4.4 Fighting
 + Level 5.1 Dodging
 + Level 1.5 Stealth
 + Level 6.2 Shields
 + Level 9.6 Unarmed Combat


You had 8 spell levels left.
You didn't know any spells.
Your spell library contained the following spells:

 Spells                   Type           Power      Damage    Failure   Level
 Static Discharge         Conj/Air       0%         3-3/arc   88%         2
 Sublimation of Blood     Necr           0%         N/A       88%         2
 Frozen Ramparts          Ice            0%         1d1       98%         3
 Ozocubu's Armour         Ice            0%         N/A       98%         3
 Ice Form                 Ice/Tmut       0%         N/A       100%        4
 Petrify                  Tmut/Erth      0%         N/A       100%        4
 Summon Ice Beast         Ice/Summ       0%         N/A       100%        4
 Irradiate                Conj/Tmut      0%         3d11      100%        5
 Lightning Bolt           Conj/Air       0%         1d11      100%        5
 Metabolic Englaciation   Hex/Ice        0%         N/A       100%        5
 Simulacrum               Ice/Necr       0%         N/A       100%        6
 Maxwell's Capacitive Co  Air            0%         ∞         100%        8


Dungeon Overview and Level Annotations

Branches:
Dungeon (8/15)             Temple (1/1) D:5         Ossuary (visited)
   Lair: D:8-11

Altars:
Ashenzari
Cheibriados
Dithmenos
Elyvilon
Fedhas
Gozag
Hepliaklqana
Kikubaaqudgha
Nemelex Xobeh
Qazlal
Sif Muna
Uskayaw
Vehumet
Wu Jian
Xom
Yredelemnul
The Shining One

Shops:
D:5 (

Annotations:
D:3 exclusion: oklob plant
D:5 1 runed translucent door, Cris's ghost, novice GnTm


Innate Abilities, Weirdness & Mutations

You are too large for most types of armour.
You have claws for hands.
Your natural rate of healing is unusually fast.
You are covered in fur. (AC +1)
You have tough skin. (AC +1)


Message History

The orc priest looks braver for a moment.
The orc warrior barely misses you. The wight closely misses you.
The wight hits you with a +0 scimitar!
You feel drained.
You claw the orc warrior!
The orc warrior is almost dead.
The orc hits you with a +0 hand axe. You block the orc priest's attack.
The orc warrior barely misses you. The wight barely misses you.
The wight hits you with a +0 scimitar.
You closely miss the orc warrior.
The orc warrior is almost dead.
The orc closely misses you. You block the orc priest's attack.
The wight closely misses you.
The orc warrior hits you with a +0 scimitar!
You block the wight's attack.
You scratch the orc warrior but do no damage.
The orc warrior is almost dead.
The orc completely misses you.
The orc priest hits you from afar with a +0 trident.
The wight zaps a wand.
You easily resist.
The orc warrior barely misses you.
The wight hits you from afar with a +0 halberd!
You feel drained.
The orc warrior attacks as you move away!
The orc warrior hits you with a +0 scimitar!
* * * LOW HITPOINT WARNING * * *
The wight attacks as you move away! The wight barely misses you.
The orc closely misses you.
The wight zaps a wand.
You easily resist.
The orc warrior attacks as you move away!
You block the orc warrior's attack. The orc attacks as you move away!
The orc misses you.
The wight zaps a wand.
You easily resist.
The orc attacks as you move away! You block the orc's attack.
The orc warrior attacks as you move away!
The orc warrior hits you with a +0 scimitar!
* * * LOW HITPOINT WARNING * * *
The orc attacks as you move away! The orc barely misses you.
The orc warrior attacks as you move away!
You block the orc warrior's attack. The orc attacks as you move away!
The orc misses you.
There is an open door here.
The wight attacks as you move away! The wight hits you with a +4 war axe!
You die...

.. #.....+ #.......
...#+######.....######......
..........................#
..........................#
..........................#
......)...................#
...#+##...zo..........)...#
#...zz##########....###
+..zoo@........'....#..
#.....#........#....#..
#.....#...##...#....'..
#.....#...###'##..))###
#.....#...##..#####....
#.....#....#......#....
#.....#....'......#....
#....>#..###'######..).
#..#.............


You could see an orc warrior, 4 wights, an orc priest and an orc.

Vanquished Creatures
  Pikel (D:7)
  Menkaure (D:4)
  A water moccasin (D:6)
  Duvessa (D:6)
  2 sky beasts (D:7)
  An ogre (D:4)
  A centaur (D:6)
  A kobold brigand (D:7)
  A bullfrog (D:6)
  A gnoll sergeant (D:7)
  An elf zombie (Ossuary)
  7 wights
  Dowan (D:6)
  3 killer bees (D:7)
  4 howler monkeys
  5 centaur zombies (Ossuary)
  6 hounds
  A human zombie (Ossuary)
  2 gnoll boudas
  A jelly (D:7)
  Crazy Yiuf (D:6)
  3 iguanas
  Natasha (thrice) (D:2)
  A hound zombie (Ossuary)
  3 mummies (Ossuary)
  13 gnolls
  12 adders
  2 white imps
  3 ufetubi
  6 adder zombies (Ossuary)
  2 worms (D:3)
  4 dart slugs
  15 orcs
  4 ball pythons
  7 endoplasms
  2 giant cockroaches (D:2)
  A gnoll zombie (Ossuary)
  4 goblins
  7 hobgoblins
  2 jackals (D:1)
  8 kobolds
  2 quokkas
  5 bats
  4 frilled lizards
  3 goblin zombies (Ossuary)
  6 hobgoblin zombies (Ossuary)
  4 jackal zombies (Ossuary)
  2 kobold zombies (Ossuary)
  3 quokka zombies (Ossuary)
  5 rats
  2 rat zombies (Ossuary)
181 creatures vanquished.

Vanquished Creatures (others)
  2 fungi (D:3)
  3 plants (Temple)
5 creatures vanquished.

Grand Total: 186 creatures vanquished

Notes
Turn   | Place    | Note
-------+----------+-------------------------------------------
     0 | D:1      | fleckyhenry the Troll Fighter began the quest for the Orb.
     0 | D:1      | Reached XP level 1. HP: 22/22 MP: 0/0
   319 | D:1      | Reached XP level 2. HP: 26/29 MP: 1/1
   843 | D:2      | Reached XP level 3. HP: 34/36 MP: 2/2
  1040 | D:2      | Found a faded altar of an unknown god.
  1116 | D:2      | Reached XP level 4. HP: 44/44 MP: 3/3
  1215 | D:2      | Noticed Natasha
  1224 | D:2      | Killed Natasha
  1225 | D:2      | Reached skill level 3 in Unarmed Combat
  1268 | D:2      | Noticed Natasha
  1270 | D:2      | Killed Natasha
  1339 | D:2      | Noticed Natasha
  1344 | D:2      | Killed Natasha
  1345 | D:2      | Reached XP level 5. HP: 48/53 MP: 4/4
  1533 | D:3      | Found a stormy altar of Qazlal.
  1668 | D:3      | Reached skill level 4 in Unarmed Combat
  1902 | D:3      | Found a blossoming altar of Fedhas.
  1922 | D:3      | Noticed an oklob plant
  2360 | D:4      | Noticed Menkaure
  2382 | D:4      | Killed Menkaure
  2383 | D:4      | Reached XP level 6. HP: 48/61 MP: 5/5
  2398 | D:4      | Reached skill level 5 in Unarmed Combat
  2572 | D:4      | Found a sand-covered staircase.
  2695 | Ossuary  | Entered an ossuary
  2751 | Ossuary  | Reached skill level 1 in Stealth
  2759 | Ossuary  | Reached XP level 7. HP: 67/67 MP: 6/6
  2912 | Ossuary  | Reached skill level 6 in Unarmed Combat
  3090 | D:4      | Found a shimmering altar of Xom.
  3316 | D:5      | Entered Level 5 of the Dungeon
  3337 | D:5      | Found a runed translucent door.
  3337 | D:5      | Noticed Cris's ghost (novice GnTm)
  3429 | D:5      | Found Udiun's Weapon Emporium.
  3881 | D:5      | You fall into a shaft and drop 2 floors!
  4032 | D:5      | Found a staircase to the Ecumenical Temple.
  4131 | Temple   | Entered the Ecumenical Temple
  4505 | D:6      | Reached XP level 8. HP: 27/75 MP: 7/7
  4591 | D:6      | Reached skill level 7 in Unarmed Combat
  4615 | D:6      | Noticed Duvessa
  4616 | D:6      | Noticed Dowan
  4624 | D:6      | Killed Duvessa
  4632 | D:6      | Killed Dowan
  4824 | D:6      | Found a runed translucent door.
  4824 | D:6      | Identified the +9 hammer of Wimaff {vorpal, rF- rC+ Stlth+}
  4825 | D:6      | Noticed Crazy Yiuf
  5482 | D:6      | Killed Crazy Yiuf
  5522 | D:7      | Found a broken altar of Ashenzari.
  5563 | D:7      | Reached skill level 8 in Unarmed Combat
  5573 | D:7      | HP: 2/76 [water moccasin (5)]
  5800 | D:7      | Noticed Pikel
  5807 | D:7      | Killed Pikel
  5808 | D:7      | Reached skill level 5 in Shields
  5808 | D:7      | Reached XP level 9. HP: 58/84 MP: 8/8
  5870 | D:7      | Reached skill level 9 in Unarmed Combat
  6231 | D:7      | Found a basalt altar of Yredelemnul.
  6252 | D:7      | Found a shadowy altar of Dithmenos.
  6488 | D:7      | Became a worshipper of Dithmenos the Shadowed
  6557 | D:7      | Found a white marble altar of Elyvilon.
  6563 | D:7      | Reached skill level 5 in Dodging
  7053 | D:8      | Slain by a wight

Illustrated notes

Levels and vault maps discovered:
D:1:      saegor_arrival_under_anarchy, layout_basic
D:2:      layout_basic, shapermc_ecumenical_altar_venn, uniq_natasha
D:3:      layout_loops_ring, nicolae_qazlal_general_emergency, tgw_fedhas
D:4:      layout_cave_pools, nicolae_overflow_crystal_walls, enter_ossuary_5,
          grunt_decor_fettered, uniq_menkaure
D:5:      layout_loops_ring, temple_hall, hellmonk_ghost_happy_afterlife,
          serial_shops, nicolae_shop_bloodbath_and_beyond
D:6:      nicolae_cairo_tiling_large, layout_loops_ring, uniq_duvessa,
          uniq_crazy_yiuf_cottage
D:7:      layout_rooms, kennysheep_ying_yang, cheibrodos_ashenzari_chains,
          grunt_dithmenos_smoke, serial_co_window_serial,
          co_window_of_opportunity_a, co_window_paths_b,
          co_window_of_opportunity_a, co_window_corner_a, co_window_corner_a,
          co_window_cross_3, co_window_corner_b, co_window_broadway_c,
          co_window_paths_c, co_window_broadway_b, glass_columns_a,
          glass_columns_a, glass_columns_c, uniq_pikel
D:8:      layout_gridville
Temple:   jpeg_temple_alley_garden

Skill      XL: |  1  2  3  4  5  6  7  8  9 |
---------------+----------------------------+-----
Shields        | 3 4 5 6 |  6.2
Unarmed Combat | 3 4 5 6 8 9 |  9.6
Dodging        | 3 4 5 |  5.1
Fighting       | 3 4 |  4.4
Stealth        | 1 |  1.5

Action                   |  1- 3 |  4- 6 |  7- 9 || total
-------------------------+-------+-------+-------++-------
Melee: Unarmed           |   110 |   147 |   346 ||   603
  Use: Potion            |       |       |    16 ||    16
       Scroll            |       |       |    12 ||    12
 Stab: Sleeping          |     1 |     1 |       ||     2
       Distracted        |       |     1 |       ||     1
Armor: Robe              |    36 |    34 |   104 ||   174
Dodge: Dodged            |    35 |    56 |   166 ||   257
Block: Kite shield       |    33 |    46 |   158 ||   237
